 Dungeon Sprint DCSS version 0.24.1-4-ge52af88ad5 (webtiles) character file.

Game seed: 16736580862334107517, levelgen mode: deterministic

161 Doot the Arsonist (level 5, -1/28 HPs)
             Began as a Deep Elf Fire Elementalist on Apr 20, 2020.
             Was an Initiate of Vehumet.
             Slain by a deep elf mage
             ... wielding a +1 long sword of holy wrath
              (6 damage)
             ... in the Dungeon (Sprint III: "The Ten Rune Challenge").
             The game lasted 00:01:42 (441 turns).

Doot the Arsonist (Deep Elf Fire Elementalist)       Turns: 441, Time: 00:01:43

Health: -1/28      AC:  2    Str:  5    XL:     5   Next: 19%
Magic:  10/16      EV: 17    Int: 21    God:    Vehumet [......]
Gold:   19         SH:  0    Dex: 17    Spells: 7/18 levels left

rFire    + . .     SeeInvis .   (no weapon)
rCold    . . .     Gourm    .   (no shield)
rNeg     . . .     Faith    .   a - +0 robe
rPois    .         Spirit   .   (helmet restricted)
rElec    .         Reflect  .   (no cloak)
rCorr    .         Harm     .   (no gloves)
MR       .....     NoTele   +   (no boots)
Stlth    +++.......             (no amulet)
HPRegen  0.09/turn              (no ring)
MPRegen  0.15/turn              (no ring)

@: very slightly contaminated
A: horns 1, repulsion field 1, thin skeletal structure 1, fire resistance 1
a: Renounce Religion


You were in the Dungeon.
You worshipped Vehumet.
Vehumet was noncommittal.
You were not hungry.

You visited 1 branch You collected 19 gold pieces.

Inventory:

Armour
 a - a +0 robe (worn)
Wands
 j - a wand of random effects (23)
Scrolls
 i - a scroll of blinking
 k - a scroll of torment {unknown}
 l - a scroll of identify {unknown}
 m - 4 scrolls of remove curse
 n - 2 scrolls of immolation {unknown}
Potions
 d - 4 potions of curing
 e - 2 potions of heal wounds
 f - a potion of haste
 g - 2 potions of magic
 h - a potion of berserk rage
 o - a potion of ambrosia {unknown}
 p - 3 potions of mutation
Comestibles
 c - 3 rations


   Skills:
 + Level 0.3 Fighting
 + Level 4.5 Dodging
 + Level 4.6 Stealth
 + Level 7.4 Spellcasting
 + Level 3.5 Conjurations
 + Level 8.6 Fire Magic


You had 7 spell levels left.
You knew the following spells:

 Your Spells              Type           Power        Failure   Level  Hunger
a - Flame Tongue          Conj/Fire      ####.        1%          1    None
b - Conjure Flame         Conj/Fire      ####....     1%          3    None
c - Sticky Flame          Conj/Fire      ####....     7%          4    ###....
d - Mephitic Cloud        Conj/Pois/Air  ##......     16%         3    None

Your spell library contained the following spells:

 Spells                   Type           Power        Failure   Level  Hunger
 Magic Dart               Conj           ###.         1%          1    None
 Throw Flame              Conj/Fire      ####..       1%          2    None
 Inner Flame              Hex/Fire       ####....     4%          3    None
 Animate Skeleton         Necr           N/A          9%          1    None
 Apportation              Tloc           #.....       9%          1    None
 Confusing Touch          Hex            #.....       9%          1    None
 Summon Small Mammal      Summ           #...         9%          1    None
 Blink                    Tloc           N/A          13%         2    None
 Call Imp                 Summ           #.......     13%         2    None
 Slow                     Hex            #.......     13%         2    None
 Fireball                 Conj/Fire      ####......   19%         5    #####..


Dungeon Overview and Level Annotations

Branches:
Dungeon (1/1)

Altars:
Elyvilon
Kikubaaqudgha
Sif Muna
Vehumet
Zin
The Shining One


Innate Abilities, Weirdness & Mutations

You have a pair of small horns on your head.
You are surrounded by a mild repulsion field. (EV +2)
You have a somewhat thin skeletal structure. (Dex +2, Stealth)
Your flesh is heat resistant. (rF+)


Message History

You miscast Mephitic Cloud.
You are very lightly contaminated with residual magic.
Wisps of poison gas drift from your hands.
Casting: Mephitic Cloud (safe; 16% risk of failure)
Confirm with . or Enter, or press ? or * to list all spells.
Aiming: Mephitic Cloud (safe; 16% risk of failure)
Press: ? - help, Shift-Dir - straight line, f/p - deep elf mage
Aim: a deep elf mage, wielding a +1 long sword of holy wrath (resting)
The ball explodes into a vile cloud!
The stinking cloud engulfs the deep elf mage but does no damage.
The deep elf mage shouts!
The deep elf mage is engulfed in noxious fumes.
The deep elf mage casts a spell at you. The bolt of cold hits you!!
Ouch! That really hurt!
* * * LOW HITPOINT WARNING * * *
The deep elf mage is engulfed in noxious fumes.
The deep elf mage appears confused.
The deep elf mage hits you with a +1 long sword of holy wrath.
You die...

▓▓▓▓▓▓▓▓▓ ▓▓▓ ..'...♣.♣♣
♣.##### ..#......♣
♣♣.#☼__# ###.....♣♣
..#e@.#
..#....≈.♣♣♣♣.###'#+###+
..#...≈≈..♣...#..........
..#..≈÷≈≈♣..♣.'.⌠........
#'#..≈≈≈≈≈≈♣..#...######+
..#.≈≈≈≈≈≈....#.⌠.#
÷.#.≈≈≈≈≈.....#...#
..#.≈≈≈.......#'###
###...........#.).#


You could see a deep elf mage (confused).

Vanquished Creatures
  A water elemental (D)
  A wizard (D)
  Jessica (D)
  A human (D)
  A kobold demonologist (D)
  A wolf (D)
  3 rats (D)
9 creatures vanquished.

Vanquished Creatures (others)
  2 draconian scorchers (D)
  A yaktaur (D)
  6 hellions (D)
9 creatures vanquished.

Grand Total: 18 creatures vanquished

Notes
Turn   | Place    | Note
-------+----------+-------------------------------------------
     0 | D        | Doot the Deep Elf Fire Elementalist began the quest for the
                  | Orb.
     0 | D        | Reached XP level 1. HP: 10/10 MP: 6/6
    29 | D        | Noticed Jessica
    33 | D        | Killed Jessica
    33 | D        | Reached skill level 5 in Fire Magic
    33 | D        | Reached XP level 2. HP: 15/15 MP: 2/9
   102 | D        | Killed a hellion
   110 | D        | Killed a hellion
   117 | D        | Killed a hellion
   117 | D        | Reached skill level 5 in Spellcasting
   117 | D        | Reached skill level 6 in Fire Magic
   117 | D        | Reached XP level 3. HP: 13/19 MP: 8/11
   126 | D        | Killed a hellion
   144 | D        | Killed a hellion
   150 | D        | Killed a hellion
   184 | D        | Gained mutation: You have a pair of small horns on your
                  | head. [potion of mutation]
   184 | D        | Gained mutation: You have a somewhat thin skeletal
                  | structure. (Dex +2, Stealth) [potion of mutation]
   184 | D        | Gained mutation: You are surrounded by a mild repulsion
                  | field. (EV +2) [potion of mutation]
   184 | D        | Gained mutation: Your flesh is heat resistant. (rF+)
                  | [potion of mutation]
   195 | D        | Learned a level 3 spell: Conjure Flame
   203 | D        | Noticed a water elemental
   211 | D        | Killed a water elemental
   211 | D        | Reached skill level 7 in Fire Magic
   211 | D        | Reached XP level 4. HP: 24/24 MP: 5/14
   222 | D        | Killed a white draconian scorcher
   268 | D        | Killed a yaktaur
   301 | D        | Killed a white draconian scorcher
   357 | D        | Learned a level 4 spell: Sticky Flame
   357 | D        | Found a radiant altar of Vehumet.
   358 | D        | Found a shimmering blue altar of Sif Muna.
   358 | D        | Found an ancient bone altar of Kikubaaqudgha.
   358 | D        | Noticed a wizard
   359 | D        | Killed a wizard
   359 | D        | Reached skill level 8 in Fire Magic
   359 | D        | Reached XP level 5. HP: 28/28 MP: 10/16
   364 | D        | Became a worshipper of Vehumet
   375 | D        | Learned a level 3 spell: Mephitic Cloud
   437 | D        | Found a glowing silver altar of Zin.
   438 | D        | Found a glowing golden altar of the Shining One.
   438 | D        | Found a white marble altar of Elyvilon.
   438 | D        | Noticed a deep elf mage
   441 | D        | Slain by a deep elf mage

Levels and vault maps discovered:
D:        dungeon_sprint_mu [sprint_mu_entry_forest, sprint_mu_temple_rooms,
          sprint_mu_d1_spiders, sprint_mu_d2_genie, sprint_mu_d3_branching,
          sprint_mu_orc_legion, sprint_mu_elf_gauntlet, sprint_mu_hive_nellie,
          sprint_mu_lair_fedhas, sprint_mu_vaults_butterflies,
          sprint_mu_slime_circle, sprint_mu_shoals_kraken,
          sprint_mu_snake_twists, sprint_mu_blade_basic, sprint_mu_crypt_lich,
          sprint_mu_tomb_spiral, sprint_mu_vestibule_basic,
          sprint_mu_gehenna_hellfire, sprint_mu_dis_giant,
          sprint_mu_tartarus_statrot, sprint_mu_cocytus_islands, sprint_mu_zot1]

Skill      XL: |  1  2  3  4 |
---------------+-------------+-----
Dodging        | 3 4 |  4.5
Stealth        | 3 4 |  4.6
Spellcasting   | 4 5 6 7 |  7.4
Fire Magic     | 5 6 7 8 |  8.6
Conjurations   | 2 3 |  3.5
Fighting       | |  0.3

Action                   |  1- 3 |  4- 6 || total
-------------------------+-------+-------++-------
Melee: Unarmed           |     1 |       ||     1
 Cast: Flame Tongue      |    14 |     2 ||    16
       Conjure Flame     |     1 |       ||     1
       Sticky Flame      |       |     2 ||     2
       Mephitic Cloud    |       |     1 ||     1
  Use: Potion            |     1 |       ||     1
Dodge: Dodged            |     3 |       ||     3
